 Dungeon Crawl Stone Soup version 0.30.1 (webtiles) character file.

Game seed: 7406134095706879766

70 wingedge the Grave Robber (level 3, 0/28 HPs)
             Began as a Demigod Wanderer on July 7, 2023.
             Slain by Crazy Yiuf
             ... wielding a +3 quarterstaff of chaos
              (1 damage)
             ... on level 3 of the Dungeon.
             The game lasted 00:04:54 (2228 turns).

wingedge the Grave Robber (Demigod Wanderer)        Turns: 2228, Time: 00:04:55

Health: 0/28       AC:  4    Str: 16    XL:     3   Next: 77%
Magic:  7/7        EV: 11    Int: 17    God:
Gold:   86         SH:  7    Dex: 17    Spells: 0/4 levels left

rFire   . . .        a - +0 rapier (venom)
rCold   . . .        t - +0 kite shield
rNeg    . . .        d - +0 robe
rPois   .            b - +0 helmet
rElec   .            (no cloak)
rCorr   .            (no gloves)
SInv    .            w - +0 pair of boots
Will    .....        u - amulet of the acrobat
Stlth   ++           k - +6 ring of strength
HPRegen 0.24/turn    (no ring)
MPRegen 0.10/turn

%: acrobat
@: about to teleport
A: high MP 1, forlorn, divine attributes
a: no special abilities


You were on level 3 of the Dungeon.
You visited 1 branch of the dungeon, and saw 3 of its levels.

You collected 86 gold pieces.

Inventory:

Hand Weapons
 a - a +0 rapier of venom (weapon)
 h - a +2 hammer of holy wrath
 p - a +2 hand axe
 x - the +2 hammer "Voesmot" {flame, rF+}
   (You found it on level 3 of the Dungeon)

   rF:        It protects you from fire.
Armour
 b - a +0 helmet (worn)
 d - a +0 robe (worn)
 i - a +0 ring mail
 t - a +0 kite shield (worn)
 w - a +0 pair of boots (worn)
Magical Staves
 m - a staff of cold
Jewellery
 k - a +6 ring of strength (left hand)
 u - an amulet of the acrobat (around neck)
Scrolls
 e - 3 scrolls of identify {unknown}
 f - a scroll of fog {unknown}
 l - a scroll of magic mapping {unknown}
 n - a scroll of amnesia {unknown}
 s - 2 scrolls of teleportation
 v - a scroll of enchant armour {unknown}
Potions
 c - 2 potions of curing
 g - 2 potions of brilliance {unknown}
 j - a potion of berserk rage {unknown}
 o - a potion of attraction {unknown}
 q - a potion of magic {unknown}
 r - 3 potions of lignification {unknown}


   Skills:
 + Level 1.0 Fighting
 - Level 2.0 Axes
 - Level 3.0 Dodging
 - Level 1.0 Stealth
 + Level 0.1 Shields
 + Level 1.2 Spellcasting
 + Level 3.4 Necromancy


You couldn't memorise any spells.
You knew the following spells:

 Your Spells              Type           Power      Damage    Failure   Level
a - Necrotise             Necr           48%        1d6       17%         1
b - Vampiric Draining     Necr           12%        2d6       45%         3

Your spell library contained the following spells:

 Spells                   Type           Power      Damage    Failure   Level


Dungeon Overview and Level Annotations

Branches:
Dungeon (3/15)

Annotations:
D:3 Crazy Yiuf


Innate Abilities, Weirdness & Mutations

You have an increased reservoir of magic. (+10% MP)
You shall have no god before yourself.
Your divine heritage dramatically boosts your attributes as you level up.


Message History

Press: ? - help, v - describe, . - travel
Here: Crazy Yiuf, wielding a +3 quarterstaff of chaos and wearing a +1 cloak (asleep, fire blocked by a runed translucent door)
The floor.
Unknown command.
Unknown command.
x - the +2 hammer "Voesmot" {flame, rF+} Crazy Yiuf shouts!
Found two hammers and a runed hammer.
You see here a +0 hammer.
You open the door. You hit Crazy Yiuf but do no damage.
Crazy Yiuf is poisoned.
Crazy Yiuf hits you with a +3 quarterstaff of chaos.
You block Crazy Yiuf's attack.
You completely miss Crazy Yiuf.
Crazy Yiuf is lightly wounded.
Crazy Yiuf closely misses you.
You hit Crazy Yiuf but do no damage.
Crazy Yiuf looks as sick as possible!
Crazy Yiuf is lightly wounded.
Crazy Yiuf grits, "Pitchfork illywillydillykilly snockshim!"
Crazy Yiuf hits you with a +3 quarterstaff of chaos!
Crazy Yiuf freezes you.
Casting: Necrotise (safe; 17% risk of failure)
Confirm with . or Enter, or press ? or * to list all spells.
Okay, then.
Crazy Yiuf attacks as you move away! Crazy Yiuf barely misses you.
You see here a +0 hammer.
Crazy Yiuf attacks as you move away! Crazy Yiuf closely misses you.
You see here a +0 hammer.
Crazy Yiuf attacks as you move away! You block Crazy Yiuf's attack.
You see here a +0 hammer.
As you read the scroll labelled EGUNNO CEGIYTS, it crumbles to dust.
You feel strangely unstable.
It was a scroll of teleportation.
Crazy Yiuf hits you with a +3 quarterstaff of chaos!
* * * LOW HITPOINT WARNING * * *
You are lethally poisoned!
You feel better.
Crazy Yiuf hits you with a +3 quarterstaff of chaos!
* * * LOW HITPOINT WARNING * * *
Crazy Yiuf freezes you.
You die...

#).)# #)))#
..# ))) #.
#.# #'# #.
#.# ♣)♣♣ #.
#####.####
♣♣.♣ #.
#.....##..
♣)♣♣ #.
#......#..
♣♣g♣ #.
#......#..
♣♣@♣♣
#.###.....'..
♣♣...♣
#........###
♣....♣
#.##########
#....# #.#
#...
#....####.#
#.##
#.........#
#.#
##...######
#.# ##### #.#
#w##


You could see Crazy Yiuf (very poisoned).

Vanquished Creatures
  2 adders
  A shadow imp (D:3)
  A worm (D:3)
  2 dart slugs
  An orc (D:3)
  2 bats
  3 endoplasms
  2 giant cockroaches
  4 goblins
  2 hobgoblins (D:2)
  3 jackals (D:2)
  2 kobolds
  4 ball pythons
  2 frilled lizards (D:1)
  8 rats
39 creatures vanquished.

Notes
Turn   | Place    | Note
-------+----------+-------------------------------------------
     0 | D:1      | wingedge the Demigod Wanderer began the quest for the Orb.
     0 | D:1      | wingedge set off with the following items: a +2 hand axe, a
                  | +0 helmet, a potion of curing, a +0 robe; and the following
                  | spell memorised: Necrotise; and the following spells
                  | available to memorise: Vampiric Draining.
     0 | D:1      | Reached XP level 1. HP: 16/16 MP: 4/4
   756 | D:1      | Reached XP level 2. HP: 23/23 MP: 5/5
  1179 | D:2      | Reached XP level 3. HP: 22/28 MP: 6/6
  1183 | D:2      | Learned a level 3 spell: Vampiric Draining
  2214 | D:3      | Found a runed translucent door.
  2215 | D:3      | Noticed Crazy Yiuf
  2216 | D:3      | Identified the +2 hammer "Voesmot" {flame, rF+}
  2228 | D:3      | HP: 1/28 [Crazy Yiuf/+3 quarterstaff of chaos (11)]
  2228 | D:3      | Slain by Crazy Yiuf

Illustrated notes

Levels and vault maps discovered:
D:1:      dpeg_arrival_ratfight, layout_loops_corners
D:2:      layout_basic, minmay_ruptured
D:3:      kennysheep_goblin_castle, layout_basic, uniq_crazy_yiuf_cottage

Skill      XL: |  1  2  3 |
---------------+----------+-----
Necromancy     | 2 3 |  3.4
Axes           | 2 |  2.0
Dodging        | 3 |  3.0
Fighting       | |  1.0
Stealth        | |  1.0
Shields        | |  0.1
Spellcasting   | |  1.2

Action                     || total
---------------------------++-------
  Melee: Hand axe          ||    42
         Rapier            ||    36
   Cast: Necrotise         ||    26
    Use: Scroll            ||     1
         Potion            ||     1
   Stab: Sleeping          ||     4
 Armour: Ring mail         ||    17
         Robe              ||     5
  Dodge: Dodged            ||    53
  Block: Kite shield       ||     3
